[Event "*** Qualifier 4: Titled Tuesday 3|2 Blitz"]
[Site "Chess.com"]
[Date "2017.04.25"]
[Round "1"]
[White "AverageRecord"]
[Black "bugsbunny444"]
[Result "1-0"]
[WhiteElo "2714"]
[BlackElo "2366"]
[TimeControl "180+2"]
[EndTime "13:10:29 PDT"]
[Termination "AverageRecord won by resignation"]

1. d4 e6 2. Bf4 Nf6 3. e3 d5 4. Nf3 c5 5. c3 Nc6 6. Nbd2 Bd6 7. Bg3 O-O 8. Bb5 Qe7 9. O-O Bd7 10. dxc5 Bxg3 11.
hxg3 Qxc5 12. Bd3 e5 13. e4 Rad8 14. Re1 dxe4 15. Nxe4 Nxe4 16. Bxe4 Bf5 17. Qb3 Bxe4 18. Rxe4 Qd5 19. Rae1 Qxb3 20. axb3 f6 21. b4 a6 22. g4 h6 23. Nh4 Rd2 24. R1e2 Rfd8 25. Nf5 Kf7 26. f3 R8d7 27. Kf2 Ne7 28. Ne3 Rxe2+ 29. Kxe2 Nd5 30. Nxd5 Rxd5 31. Rc4 Ke6 32. Rc8 Rd7 33. Ke3 Kd5 34. g3 Ke6 35. f4 Kd5 36. Rc5+ Kd6 37. fxe5+ fxe5 38. Ke4 Re7 39. Rd5+ Kc6 40.
Rxe5 Rd7 41. Rc5+ Kb6 42. g5 Rd2 43. Rd5 Rxb2 44. Rd6+ Kb5 45. Rd7 Kc4 46. Rc7+ Kb3 47. g6 Re2+ 48. Kd5 Rd2+ 49. Ke6 Rd3 50. Kf7 Rxg3 51.
Kxg7 h5 52. Kh7 h4 53. g7 h3 54. g8=Q+ Rxg8 55. Kxg8 h2 56. Rh7 Kxc3 57. Kf7 b5 58. Ke6 Kxb4 59. Kd5 a5 60. Rh4+ Kb3 61. Kc5 a4 62.
Rh3+ Kb2 63. Kb4 a3 64. Rxh2+ Kc1 65. Kxa3 1-0

[Event "*** Qualifier 4: Titled Tuesday 3|2 Blitz"]
[Site "Chess.com"]
[Date "2017.04.25"]
[Round "1"]
[White "woodhy"]
[Black "daro94"]
[Result "1/2-1/2"]
[WhiteElo "2382"]
[BlackElo "2725"]
[TimeControl "180+2"]
[EndTime "13:10:31 PDT"]
[Termination "Game drawn - insufficient material"]

1. e4 d6 2. d4 g6 3. Nc3 Bg7 4. Nf3 a6 5. Be3 Nd7 6. h3 b5 7. Ne2 Bb7 8. Ng3 Ngf6 9. Bd3 c5 10. c3 O-O 11. O-O e5 12. d5 c4 13. Bc2 Qc7 14. Qd2 Nc5 15. Bh6 Bc8 16. Nh4 Ne8 17. Bxg7 Nxg7 18. f4 f6 19. fxe5 dxe5 20. Qh6 Ne8 21. Rf2 Qg7 22. Qe3 Nb7 23. a4 bxa4 24. Bxa4 Nbd6 25.
Raf1 Rb8 26. Qc5 Bd7 27. Bd1 Rc8 28. Qb6 Qh6 29. Nf3 Nf7 30. Qxa6 Ned6 31. Qa7 Bb5 32. Kh2 Ra8 33. Qe7 Qg7 34. Nh4 Rfe8 35. Qxf6 Qxf6 36. Rxf6 Ra2 37. R1f2 Ra1 38. Bg4 Kg7 39. Be6 Ng5 40. Bd7 Bxd7 41. Rxd6 Re7 42. Rb6 Re1 43. Rb7 Rd1 44. Nhf5+ gxf5 45. Nxf5+ Bxf5 46. Rxe7+ Kf6 47. Rxf5+ Kxe7 48. Rxe5+ Kf6 49. Rf5+ Kg6 50. Re5 Rd2 51. Kg3 Rxb2 52. h4 Nf7 53. Re6+ Kg7 54. Rc6 Rc2 55. Rxc4 Nd6 56. Rc7+ Kf6 57. Rxh7 Nxe4+ 58. Kf4 Nxc3 59. Rh6+ Kg7 60. Rd6 Rxg2 61. h5 Rd2 62. h6+ Kh7 63.
Ke5 Re2+ 64. Kf4 Re1 65. Kf3 Rd1 66. Rc6 Nxd5 67. Rd6 Rd3+ 68. Ke4 Rd1 69. Rxd5 Rxd5 70. Kxd5 Kxh6 1/2-1/2

[Event "*** Qualifier 4: Titled Tuesday 3|2 Blitz"]
[Site "Chess.com"]
[Date "2017.04.25"]
[Round "1"]
[White "DanielNaroditsky"]
[Black "L3on4rdo"]
[Result "1/2-1/2"]
[WhiteElo "2712"]
[BlackElo "2383"]
[TimeControl "180+2"]
[EndTime "13:10:31 PDT"]
[Termination "Game drawn by agreement"]

1. d4 Nf6 2. Bf4 g6 3. Nc3 Bg7 4. e4 d6 5. Be2 O-O 6. Nf3 Nbd7 7. O-O Nh5 8. Be3 e5 9. dxe5 dxe5 10. Bc4 c6 11. a4 Qe7 12. Qb1 Nc5 13. Qa2 Ne6 14.
Rad1 a5 15. g3 Kh8 16. Rfe1 f5 17. exf5 gxf5 18. Nxe5 f4 19. Bb6 fxg3 20. hxg3 Nxg3 21. fxg3 Qg5 22. Ne4 Qxe5 23. Qb3 Ng5 24. Bd4 Nf3+ 25. Qxf3 Qxd4+ 26. Rxd4 Bxd4+ 27. Kg2 Bh3+ 28. Kxh3 Rxf3 29. Ng5 Rf5 30. Kg4 Raf8 31. Ne6 Bxb2 32. Nxf8 Rxf8 33.
Rb1 Rd8 34. Bd3 Rd4+ 35. Kf3 Rb4 36. Rh1 Kg7 37. Rxh7+ Kf6 38. g4 Bc1 39. Bf5 b5 40.
Rc7 Rc4 41. Bd3 Rf4+ 42. Kg3 bxa4 43. Rxc6+ Kg7 44. Rc5 Bd2 45. g5 Rf7 46. g6 Re7 47. Rh5 a3 48. Rh1 Bc3 49. Rh7+ Kf6 50. Rxe7 Kxe7 51. Bc4 Kf6 52. Bf7 a2 53. Bxa2 Kxg6 54. Kf4 Kf6 55. Ke4 Ke7 56. Kd3 Be1 57. Kc4 Kd6 58.
Kb5 Bc3 59. Kc4 Be1 60. Bb3 Kc6 61. Ba4+ Kb6 62. Kd5 Bc3 63. Kc4 Be5 64. c3 Bxc3 65.
Kxc3 Kc5 66. Kb3 1/2-1/2

[Event "*** Qualifier 4: Titled Tuesday 3|2 Blitz"]
[Site "Chess.com"]
[Date "2017.04.25"]
[Round "1"]
[White "Outsmiter"]
[Black "RobertoJBM"]
[Result "0-1"]
[WhiteElo "2063"]
[BlackElo "2447"]
[TimeControl "180+2"]
[EndTime "13:10:51 PDT"]
[Termination "RobertoJBM won by checkmate"]

1. e4 c6 2. d4 d5 3. exd5 cxd5 4. Bd3 Nc6 5. c3 Qc7 6. Ne2 Bg4 7. f3 Bd7 8. Bf4 e5 9. dxe5 Nxe5 10. O-O Bd6 11. Bc2 Ne7 12. Nd2 O-O 13. Nb3 a6 14.
Nbd4 Rfe8 15. Qe1 Nc4 16. Bxd6 Qxd6 17. Rb1 Ne3 18. Qd2 Nc6 19. Rfe1 Re7 20. Nxc6 bxc6 21. Nd4 Rae8 22. Bd3 c5 23. Nc2 Nxc2 24. Bxc2 g6 25. Rxe7 Rxe7 26. Re1 Be6 27. Qe2 Rb7 28. Bb3 c4 29.
Bd1 Qb6+ 30. Kh1 Qxb2 31. Qe5 Qb6 32. Ba4 Qc7 33. Qf6 Qe7 34. Qd4 Qf8 35. Qf6 Rb8 36.
h4 Rb6 37. Qd4 Rd6 38. Qe5 Rd8 39. h5 Qg7 40. hxg6 hxg6 41. Qe3 Rb8 42. Bc6 Rd8 43. Qb6 Rd6 44. Qb8+ Qf8 45. Qb7 Qh6+ 46. Kg1 Kg7 47. Qc7 Qd2 48. Rb1 Qe3+ 49. Kh1 Qc5 50. Rb6 d4 51. cxd4 Rxd4 52. Rb7 Rh4+ 53. Qh2 Rxh2+ 54. Kxh2 Qxc6 55. Rb2 Qd6+ 56. Kg1 Qd4+ 57. Kh2 c3 58. Rc2 Qe5+ 59. g3 Qe3 60. Kg2 Qd2+ 61. Rxd2 cxd2 62.
g4 Bxa2 63. g5 Be6 64. f4 Bf5 65. Kf3 d1=Q+ 66. Kg3 Qg4+ 67. Kf2 Qxf4+ 68. Ke1 Qxg5 69. Kf2 Kf6 70. Kf3 Ke5 71. Kf2 Ke4 72. Kf1 Ke3 73. Ke1 Qg2 74. Kd1 Qc2+ 75. Ke1 a5 76. Kf1 a4 77.
Kg1 a3 78. Kh1 Qe2 79. Kg1 a2 80. Kh1 Bb1 81. Kg1 a1=Q 82. Kh1 Qab2 83. Kg1 Bd3 84.
Kh1 Kd4 85. Kg1 Kd5 86. Kh1 Kc4 87. Kg1 Kc5 88. Kh1 Kb4 89. Kg1 Kb5 90. Kh1 Ka4 91.
Kg1 Ka5 92. Kh1 Ka6 93. Kg1 Ka7 94. Kh1 Ka8 95. Kg1 Kb7 96. Kh1 Kb8 97. Kg1 Kc7 98.
Kh1 Kc8 99. Kg1 Kd7 100. Kh1 f6 101. Kg1 Ke8 102. Kh1 Ke7 103. Kg1 Kf8 104. Kh1 Kf7 105. Kg1 Kg8 106. Kh1 Kg7 107. Kg1 Kh8 108. Kh1 Kh7 109. Kg1 Kh6 110. Kh1 Kh5 111. Kg1 Kg5 112. Kh1 Kf5 113. Kg1 Ke5 114. Kh1 Kd5 115. Kg1 Kc5 116. Kh1 Kb4 117. Kg1 Ka3 118. Kh1 f5 119. Kg1 Ka4 120. Kh1 Ka5 121. Kg1 Ka6 122. Kh1 Ka7 123. Kg1 Ka8 124. Kh1 Kb7 125. Kg1 Kb8 126. Kh1 Kc7 127. Kg1 Kc8 128. Kh1 Kd7 129.
Kg1 Kd8 130. Kh1 Ke7 131. Kg1 Ke8 132. Kh1 Kf7 133. Kg1 Kf8 134. Kh1 Kg7 135. Kg1 Kg8 136. Kh1 Kh7 137. Kg1 Kh8 138. Kh1 Qc1# 0-1

[Event "*** Qualifier 4: Titled Tuesday 3|2 Blitz"]
[Site "Chess.com"]
[Date "2017.04.25"]
[Round "1"]
[White "FearlessKing64"]
[Black "TheCount"]
[Result "0-1"]
[WhiteElo "2106"]
[BlackElo "2475"]
[TimeControl "180+2"]
[EndTime "13:11:05 PDT"]
[Termination "TheCount won by resignation"]

1. e4 c5 2. Nf3 Nc6 3. d4 cxd4 4.
Nxd4 Qb6 5. Nb3 Nf6 6. Nc3 e6 7. Be3 Qc7 8. a3 a6 9. Bd3 d6 10. O-O Be7 11. f4 O-O 12. Qf3 b5 13. e5 dxe5 14.
fxe5 Nd7 15. Qh3 g6 16. Bh6 Ncxe5 17. Bxf8 Bxf8 18. Be4 Rb8 19. Kh1 f5 20. Bf3 Nc4 21. Rab1 Nc5 22. Nxc5 Bxc5 23. Be2 Nd2 24. Rbd1 Nxf1 25.
Bxf1 Bb7 26. Qd3 Re8 27. Ne2 e5 28. b4 Bf8 29. Nc3 e4 30. Qd2 Bg7 31. Nd5 Qd6 32. c4 e3 33. Qe2 bxc4 34. Nxe3 Qe6 35. Qxc4 Qxc4 36. Bxc4+ Kf8 37. Bd5 Rxe3 38. Bxb7 Rxa3 39. h3 Be5 40. Re1 Bd6 41. Rb1 Ke7 42. Bf3 Ra4 43. Be2 Kd7 44. Kg1 Kc7 45. Rc1+ Kb6 46. Bf3 Bxb4 47.
Rc6+ Kb5 48. Rc7 Bc5+ 49. Kf1 Ra1+ 50. Ke2 a5 51. Rxh7 a4 52. Rg7 a3 53. Bd5 Bb4 54. Rxg6 Re1+ 55. Kf3 Kc5 56. Bf7 Re7 57. Bg8 Re8 58. Bf7 Re7 59. Bg8 Bc3 60. Ra6 Bb2 61.
Ba2 Kb5 62. Ra8 Bc1 63. g4 Re3+ 64. Kf2 f4 65. g5 Rxh3 66. g6 Rh2+ 67. Kf3 Rh3+ 68.
Kf2 Rg3 69. Bf7 Kb4 70. Rb8+ Kc3 71. Rc8+ Kb2 72. Rb8+ Ka1 73. Ra8 Bb2 74. Ra7 Bd4+ 75. Ke2 Bxa7 0-1

[Event "*** Qualifier 4: Titled Tuesday 3|2 Blitz"]
[Site "Chess.com"]
[Date "2017.04.25"]
[Round "1"]
[White "Malev212"]
[Black "Grootneus"]
[Result "1-0"]
[WhiteElo "2434"]
[BlackElo "2093"]
[TimeControl "180+2"]
[EndTime "13:11:21 PDT"]
[Termination "Malev212 won by resignation"]

1. e4 c5 2. Nf3 Nc6 3. d4 cxd4 4.
Nxd4 Nf6 5. Nc3 e5 6. Ndb5 d6 7. Bg5 a6 8. Na3 b5 9. Nd5 Be7 10. Bxf6 Bxf6 11. c3 Bg5 12. Nc2 Ne7 13. a4 bxa4 14.
Ncb4 O-O 15. Qxa4 Nxd5 16. Nxd5 f5 17. Bc4 Kh8 18. exf5 Bxf5 19. O-O a5 20. Qd1 Rb8 21. Qe2 Be6 22. b3 Bh6 23. Ra2 Qe8 24. Rxa5 Qg6 25.
Ra7 Bg4 26. f3 Be6 27. Rd1 Qg5 28. Ra2 Qg6 29. Kh1 Rbe8 30. Nc7 Bxc4 31. bxc4 Rc8 32.
Nb5 Qe6 33. Nxd6 Rc6 34. Ne4 Rb8 35. c5 Bf4 36. g3 Bh6 37. Kg2 Rbc8 38. Rda1 g6 39.
Ra6 Qd5 40. Rxc6 Rxc6 41. Rd1 Qe6 42. Qd3 Bf8 43. Qd5 Qc8 44. Qxe5+ Kg8 45. Qd5+ Kh8 46. Qd8 Kg8 47. Qxc8 Rxc8 48. Rd5 Kf7 49. c4 Ke6 50. h4 Be7 51. Ng5+ Bxg5 52. hxg5 Rb8 53. Rd6+ Ke7 54. Rb6 Rc8 55. Rb7+ Ke6 56. Rxh7 Rxc5 57. f4 Rxc4 58. Kh3 Rc1 59. Kg4 Rc6 60. Rg7 Kd5 61. Rf7 Ke4 62. Rf6 Rc1 63. Re6+ Kd5 64. Rxg6 Ke4 65. Rg8 Kd5 66.
Re8 Rc6 67. Re5+ Kd4 68. Kf5 Ra6 69. g6 Rb6 70. g4 Ra6 71. g7 Ra8 72. Kf6 Kd3 73. Re7 1-0

[Event "*** Qualifier 4: Titled Tuesday 3|2 Blitz"]
[Site "Chess.com"]
[Date "2017.04.25"]
[Round "1"]
[White "Alexander_Moskalenko"]
[Black "PowerThinking2650"]
[Result "1-0"]
[WhiteElo "2626"]
[BlackElo "2295"]
[TimeControl "180+2"]
[EndTime "13:11:29 PDT"]
[Termination "Alexander_Moskalenko won by resignation"]

1. c4 Nf6 2. Nf3 g6 3. g3 Bg7 4. Bg2 O-O 5. O-O d6 6. Nc3 e5 7. d3 Nc6 8. Bg5 h6 9. Bxf6 Bxf6 10. Nd2 Bg7 11. Rb1 a5 12. a3 Be6 13. b4 axb4 14.
axb4 Qd7 15. b5 Nd8 16. Qb3 Bh3 17. Ra1 Rxa1 18. Rxa1 Bxg2 19. Kxg2 Ne6 20. e3 Ng5 21.
h4 Ne6 22. Nd5 Kh7 23. Ra7 f5 24. Rxb7 Nc5 25. Rxc7 Nxb3 26. Rxd7 Nxd2 27. b6 e4 28. dxe4 fxe4 29. b7 Nxc4 30. Ne7 Na5 31. Nd5 Rb8 32. Nf6+ Kh8 33. Nxe4 Nxb7 34. Nxd6 Nxd6 35.
Rxd6 Kh7 36. Rd7 Rf8 37. Rc7 Kg8 38. Rd7 Rf7 39. Rd6 Rf6 40. Rd7 Bf8 41. Rb7 Rf7 42.
Rb5 Kg7 43. Rb6 Be7 44. Rc6 Bf6 45. Rb6 Re7 46. Rc6 Rf7 47. f4 g5 48. hxg5 hxg5 49. e4 gxf4 50. gxf4 Re7 51. Kf3 Kf7 52. Rc5 Kg6 53.
Rc6 Kf7 54. Ra6 Kg7 55. Ra4 Kf7 56. Kg4 Kg6 57. Rc4 Bg7 58. Rc6+ Kf7 59. Kf5 Ra7 60. e5 Re7 61. Rc5 Bh6 62. Rb5 Rc7 63. Rb4 Re7 64.
Rb6 Bg7 65. e6+ Kg8 66. Kg6 Re8 67. f5 Rf8 68. e7 Re8 69. f6 Bxf6 70. Kxf6 Ra8 71.
Rd6 Kh7 72. Rd2 Kg8 73. Rg2+ Kh7 74. Kf7 1-0

[Event "*** Qualifier 4: Titled Tuesday 3|2 Blitz"]
[Site "Chess.com"]
[Date "2017.04.25"]
[Round "1"]
[White "maciek_92"]
[Black "kreonx"]
[Result "1-0"]
[WhiteElo "2515"]
[BlackElo "2216"]
[TimeControl "180+2"]
[EndTime "13:11:39 PDT"]
[Termination "maciek_92 won by checkmate"]

1. c4 e5 2. Nc3 Nc6 3. g3 g6 4. Bg2 Bg7 5. e4 d6 6. Nge2 Be6 7. d3 Qd7 8. Nd5 O-O-O 9. h4 Nd4 10. Nxd4 exd4 11.
Bg5 f6 12. Bd2 c6 13. Nf4 Bf7 14. Bh3 f5 15. g4 Ne7 16. gxf5 gxf5 17. Qa4 Kb8 18.
O-O-O Bf6 19. exf5 Nxf5 20. Rde1 Rde8 21. Qd1 Rxe1 22.
Rxe1 h5 23. Qe2 Re8 24. Qf1 Rxe1+ 25. Qxe1 Bxh4 26. Qe4 Bxf2 27. Bxf5 Qe8 28. Qxe8+ Bxe8 29. Kd1 h4 30. Ke2 Bg3 31. Kf3 Kc7 32. b3 Kb6 33. a4 Bf7 34. Bg4 a6 35. a5+ Ka7 36. Ne2 Be5 37.
Nf4 b6 38. Be1 Bf6 39. Nh5 Be7 40. Ng7 bxa5 41. Bxa5 d5 42. Nf5 dxc4 43. bxc4 Bf8 44.
Nxd4 Be8 45. Ne6 Ba3 46. c5 Bf7 47. d4 Bb2 48. Ke4 Bg6+ 49. Ke5 Bd3 50. Kd6 Be4 51. Bh3 Bd5 52. Ke5 Bf3 53. Nf4 Kb7 54. Ng6 Bd5 55. Nxh4 Bb3 56. Nf5 Bc1 57. Nd6+ Ka7 58. Bg2 Ba4 59.
Nc4 Bh6 60. Bb6+ Kb8 61. Na5 Bg7+ 62. Ke4 Kc8 63. Kd3 Kd7 64. Bh3+ Ke7 65. Bg4 Bb5+ 66. Ke4 Ba4 67. Bc7 Bc2+ 68. Ke3 Bh6+ 69. Bf4 Bg7 70.
Nxc6+ Ke8 71. Na5 Ba4 72. d5 Bf8 73. d6 Bb5 74. Bh5+ Kd8 75. Kd4 Bd7 76. Kd5 Be8 77. Bg4 Bf7+ 78. Be6 Bg6 79. Bg5+ Ke8 80. d7# 1-0

[Event "*** Qualifier 4: Titled Tuesday 3|2 Blitz"]
[Site "Chess.com"]
[Date "2017.04.25"]
[Round "1"]
[White "Aygehovit1992"]
[Black "r31415"]
[Result "1/2-1/2"]
[WhiteElo "2477"]
[BlackElo "2186"]
[TimeControl "180+2"]
[EndTime "13:11:40 PDT"]
[Termination "Game drawn by stalemate"]

1. e4 d6 2. d4 Nf6 3. Nc3 g6 4. Be2 Bg7 5. h4 h5 6. Be3 c6 7. Qd2 b5 8. a3 Nbd7 9. f3 Qc7 10.
Nh3 Bb7 11. Ng5 a6 12. O-O-O c5 13. dxc5 Nxc5 14. Bd4 Rc8 15. Kb1 O-O 16. g4 hxg4 17. h5 gxh5 18. fxg4 Nfxe4 19. Ngxe4 Nxe4 20. Nxe4 Bxe4 21. Bd3 Bxd3 22. Qxd3 Bxd4 23. Qxd4 Qxc2+ 24. Ka1 Rc4 25. Qe3 h4 26. Qg5+ Qg6 27. Qxh4 Qg7 28. Qxe7 Rc2 29.
Rb1 Rfc8 30. Qxd6 Re2 31. Qd7 Rce8 32. Qc6 R2e6 33. Qb7 R8e7 34. Qd5 Re5 35. Qa8+ Re8 36. Qxa6 Re3 37. g5 Rb3 38. Rh2 Qe5 39. Rbh1 Re3 40. Rh8+ Qxh8 41. Rxh8+ Kxh8 42. Qxb5 Re1+ 43. Ka2 R8e2 44.
a4 Rd2 45. a5 Rdd1 46. a6 Ra1+ 47. Kb3 Re3+ 48. Kc2 Re6 49. a7 Rea6 50. Qe8+ Kg7 51. Qe5+ Kg8 52. Qd5 Rxa7 53. g6 Rc7+ 54. Kb3 Raa7 55.
gxf7+ Rxf7 56. Qd8+ Kg7 57. Qg5+ Kh7 58. Qh5+ Kg7 59. Kc2 Rac7+ 60. Kb1 Rb7 61. Qe5+ Kh7 62. Qe4+ Kg7 63. b4 Rb5 64. Qg4+ Kf8 65. Qc8+ Kg7 66. Qc3+ Kg8 67. Qc4 Rf5 68. Kb2 Rf1 69. Kb3 Rf2 70.
b5 Rf4 71. Qc8+ Kg7 72. Qc3+ Kg8 73. Qg3+ Kf8 74. b6 Rf3+ 75. Qxf3 Rxf3+ 76. Kc4 Ke7 77. Kb5 Rf8 78. Kc6 Rc8+ 79. Kb7 Kd7 80. Ka7 Kc6 81. b7 Rc7 82. Ka8 Rxb7 1/2-1/2

[Event "*** Qualifier 4: Titled Tuesday 3|2 Blitz"]
[Site "Chess.com"]
[Date "2017.04.25"]
[Round "1"]
[White "GMMarcinDziuba"]
[Black "FelixBlohberger"]
[Result "0-1"]
[WhiteElo "2515"]
[BlackElo "2261"]
[TimeControl "180+2"]
[EndTime "13:12:05 PDT"]
[Termination "FelixBlohberger won by resignation"]

1. d4 Nf6 2. c4 e6 3. g3 Bb4+ 4.
Bd2 a5 5. Bg2 O-O 6. Nf3 b6 7.
O-O Bb7 8. Bg5 Be7 9. Nc3 h6 10. Bxf6 Bxf6 11. e4 d6 12. Qc2 Nd7 13. Rad1 e5 14. Nd5 Bxd5 15. cxd5 exd4 16. Nxd4 Bxd4 17.
Rxd4 Nc5 18. b3 Qf6 19. Rc4 Rae8 20. f4 Qg6 21. Re1 Re7 22. a3 Rfe8 23. b4 axb4 24.
axb4 Na6 25. Ra1 b5 26. Rd4 Qf6 27. Rdd1 Nxb4 28. Qd2 Rxe4 29. Bxe4 Rxe4 30. Re1 Rd4 31. Ra8+ Kh7 32. Qc3 Nxd5 33. Qc2+ g6 34. Ree8 Rc4 35. Rh8+ Qxh8 36. Rxh8+ Kxh8 37. Qb3 Nc3 38. Qa3 Kg7 39. Qa5 c5 40. Qc7 Rd4 41. f5 Nd5 42. Qd7 b4 43.
fxg6 Kxg6 44. Qxd6+ Kf5 45. Qxc5 Ke4 46. Qc2+ Rd3 47. Qc4+ Rd4 48. Qe2+ Kf5 49. Qf3+ Ke6 50. h4 f5 51. Qh5 b3 52. Qxh6+ Ke5 53. Qc1 Rd3 54. h5 Rxg3+ 55. Kh2 f4 56. h6 Rg6 57. Qb2+ Kd6 58. Qh8 b2 59. Qxb2 Rxh6+ 60. Kg2 Rg6+ 61.
Kf2 Rg3 62. Qb8+ Ke6 63. Qc8+ Ke5 64. Qe8+ Kd4 65. Qa4+ Ke5 66. Qa5 Re3 67. Qd8 Kd4 68. Qh8+ Kc4 69. Qg8 Kd4 70. Qd8 Ke4 71. Qd6 Rf3+ 72.
Kg1 Rg3+ 73. Kf2 Rf3+ 74. Kg1 Rg3+ 75. Kh2 Ne3 76. Qc6+ Kd3 77. Qb5+ Ke4 78. Qc6+ Kd4 79. Qd6+ Ke4 80. Qe6+ Kf3 81. Qc6+ Kf2 82. Qc5 Rg7 83. Qh5 Rg2+ 84. Kh3 Rg3+ 85. Kh2 Nf1+ 0-1

[Event "*** Qualifier 4: Titled Tuesday 3|2 Blitz"]
[Site "Chess.com"]
[Date "2017.04.25"]
[Round "1"]
[White "VMikhalevski"]
[Black "gumersindo"]
[Result "0-1"]
[WhiteElo "2538"]
[BlackElo "2269"]
[TimeControl "180+2"]
[EndTime "13:12:31 PDT"]
[Termination "gumersindo won by resignation"]

1. Nf3 d5 2. g3 Nf6 3. Bg2 e6 4. O-O Be7 5. c4 O-O 6. b3 c5 7. Bb2 Nc6 8. e3 d4 9. exd4 cxd4 10. Re1 a5 11. Na3 Bc5 12. Nb5 Re8 13. Ne5 Nxe5 14. Rxe5 Nd7 15. Rxc5 Nxc5 16. Bxd4 Nd7 17. Nd6 Rf8 18. Nxb7 Qc7 19. Nc5 Rb8 20. Na4 e5 21. Be3 Bb7 22. Nc3 Bxg2 23. Kxg2 Nf6 24. Bg5 Qc6+ 25. Qf3 Qxf3+ 26. Kxf3 Nd7 27. Nd5 f6 28.
Be3 Kf7 29. Rc1 Rfc8 30. g4 Nc5 31. d4 exd4 32. Bxd4 Nd3 33. Rc3 Nb4 34. Nb6 Rd8 35. Be3 Nxa2 36. Rc2 Nb4 37. Rc3 Na2 38. Rc2 Nb4 39. Rb2 Rd3 40. Na4 Nc6 41. Nc5 Rdd8 42.
h3 Ne5+ 43. Ke2 Nxc4 44. Ra2 Nxe3 45. Kxe3 Rb5 46. Ne4 Rxb3+ 47. Ke2 Re8 48. f3 Rb5 49. Kf2 Re6 50. Rc2 Rb7 51. Rd2 Ra7 52. Nc5 Rc6 53.
Na4 h6 54. Rb2 Rc4 55. Ra2 Rb4 56. h4 g6 57. Nc3 a4 58. Nd5 Rb5 59. Nc3 Rba5 60.
Ra3 Ke6 61. Ke3 Kd6 62. Ne4+ Ke7 63. Nc3 h5 64. Kd4 hxg4 65. fxg4 f5 66. g5 Rd7+ 67.
Ke3 Rc7 68. Kd4 Ke6 69. Nxa4 Kf7 70. Ra2 Rca7 71. Rh2 Rxa4+ 72. Kc5 R7a5+ 73. Kb6 Re5 74. h5 gxh5 75. Rxh5 Kg6 76. Rh8 Kxg5 77. Rg8+ Kf4 78.
Rh8 Rb4+ 79. Kc6 Rb1 80. Kd6 Rd1+ 81. Kc6 Re2 82. Kc5 Rc2+ 83. Kb4 Rb1+ 84. Ka3 Rc7 85. Ka2 Rb6 86. Ra8 Kf3 87. Ra3+ Kf2 88. Ra4 Rc5 89.
Ka3 Ke3 90. Ka2 f4 91. Ra3+ Ke2 92. Ka1 f3 93. Ra2+ Kd3 94. Ra3+ Rc3 95. Ra8 f2 96. Ka2 Rc2+ 97. Ka3 f1=Q 98. Rd8+ Ke4 99. Re8+ Kd5 100.
Rd8+ Rd6 0-1

[Event "*** Qualifier 4: Titled Tuesday 3|2 Blitz"]
[Site "Chess.com"]
[Date "2017.04.25"]
[Round "2"]
[White "FLchessplayer"]
[Black "Outsmiter"]
[Result "1-0"]
[WhiteElo "2029"]
[BlackElo "2054"]
[TimeControl "180+2"]
[EndTime "13:16:02 PDT"]
[Termination "FLchessplayer won by resignation"]

1. d4 d6 2. e4 Nf6 3. Nc3 g6 4.
f3 Bg7 5. Be3 O-O 6. Qd2 a6 7. a3 b5 8. Bd3 Bb7 9. Nce2 c5 10. c3 Nfd7 11. g4 Nc6 12. d5 Nce5 13. O-O-O Nxd3+ 14. Qxd3 Ne5 15. Qd2 c4 16. Kb1 a5 17. h3 b4 18. axb4 axb4 19. cxb4 Qd7 20. Bd4 Qa4 21. f4 Nd3 22. Bxg7 Nxb4 23. b3 Qa1+ 24.
Bxa1 1-0

[Event "*** Qualifier 4: Titled Tuesday 3|2 Blitz"]
[Site "Chess.com"]
[Date "2017.04.25"]
[Round "2"]
[White "Robin-Side"]
[Black "Quiet_Desperation"]
[Result "1-0"]
[WhiteElo "2326"]
[BlackElo "2145"]
[TimeControl "180+2"]
[EndTime "13:16:50 PDT"]
[Termination "Robin-Side won by resignation"]

1. e4 Nc6 2. Nc3 d6 3. d4 Nf6 4.
f4 d5 5. e5 Ne4 6. Nf3 Bg4 7. Be3 e6 8. a3 Be7 9. Bd3 Nxc3 10. bxc3 f6 11. exf6 gxf6 12. O-O O-O 13. Qe1 Kh8 14. Bxh7 Bxf3 15. Rxf3 Rf7 16. Bd3 Rh7 1-0

[Event "*** Qualifier 4: Titled Tuesday 3|2 Blitz"]
[Site "Chess.com"]
[Date "2017.04.25"]
[Round "2"]
[White "ChessQueen"]
[Black "Rating-Schmating"]
[Result "1-0"]
[WhiteElo "2489"]
[BlackElo "2207"]
[TimeControl "180+2"]
[EndTime "13:16:52 PDT"]
[Termination "ChessQueen won by checkmate"]

1. e4 e6 2. d4 d5 3. Nc3 Bb4 4.
a3 Bxc3+ 5. bxc3 dxe4 6. Qg4 Qf6 7. Qxe4 Qf5 8. Qxf5 exf5 9. Nf3 Nf6 10. Bd3 c6 11. O-O O-O 12. Bb2 Be6 13. c4 Nbd7 14. Rfe1 Nb6 15.
Nd2 Rad8 16. a4 a5 17. Bc3 Rfe8 18. Bxa5 Nfd7 19. c5 Nd5 20. Bxd8 Rxd8 21. Nc4 Ra8 22. Nd6 g6 23. Nxb7 Nc3 24. a5 Nb8 25. a6 Nb5 26. d5 Bxd5 27. Re8+ Kg7 28. Bxb5 cxb5 29. a7 Bxb7 30.
Rxb8 Be4 31. Rxa8 Bxa8 32. Rb1 Bc6 33. Rxb5 Bxb5 34. a8=Q Bc4 35. c6 Bd5 36. c4 Be4 37.
f3 Bxc6 38. Qxc6 Kh6 39. Qf6 Kh5 40. Qxf7 h6 41. Qd5 g5 42. c5 f4 43. c6 Kg6 44.
g4 fxg3 45. hxg3 Kh5 46. g4+ Kh4 47. Qe6 h5 48. Kg2 hxg4 49. Qxg4# 1-0

[Event "*** Qualifier 4: Titled Tuesday 3|2 Blitz"]
[Site "Chess.com"]
[Date "2017.04.25"]
[Round "2"]
[White "bugsbunny444"]
[Black "mc4chess"]
[Result "1-0"]
[WhiteElo "2370"]
[BlackElo "2165"]
[TimeControl "180+2"]
[EndTime "13:17:23 PDT"]
[Termination "bugsbunny444 won on time"]

1. Nf3 c5 2. c4 Nf6 3. g3 g6 4. b3 Bg7 5. Bb2 Nc6 6. Bg2 O-O 7. O-O d5 8. cxd5 Nxd5 9. Bxg7 Kxg7 10. d4 cxd4 11. Nxd4 Nxd4 12. Qxd4+ Nf6 13. Qe5 Qb6 14.
Nc3 Be6 15. Na4 Qb4 16. Nc5 Bc8 17. Qxe7 Re8 18. Ne6+ 1-0

[Event "*** Qualifier 4: Titled Tuesday 3|2 Blitz"]
[Site "Chess.com"]
[Date "2017.04.25"]
[Round "2"]
[White "Ingemars_Jesse"]
[Black "saraswathii"]
[Result "1-0"]
[WhiteElo "2456"]
[BlackElo "2206"]
[TimeControl "180+2"]
[EndTime "13:17:24 PDT"]
[Termination "Ingemars_Jesse won by resignation"]

1. Nf3 d5 2. g3 Nf6 3. Bg2 g6 4.
O-O Bg7 5. d4 O-O 6. Nbd2 Bf5 7.
c4 c6 8. Qb3 Qb6 9. c5 Qxb3 10.
axb3 Nbd7 11. b4 Ne4 12. Nb3 b6 13. Bf4 bxc5 14. bxc5 f6 15. Na5 e5 16. Be3 exd4 17.
Nxd4 Nexc5 18. Nxf5 gxf5 19. Nxc6 Ne4 20. Ne7+ Kf7 21.
Nxd5 Rfc8 22. Rfd1 Ne5 23. Bxa7 Rc2 24. Bd4 Rxa1 25.
Rxa1 Rxe2 26. Ra7+ Kg6 27. Nf4+ 1-0

[Event "*** Qualifier 4: Titled Tuesday 3|2 Blitz"]
[Site "Chess.com"]
[Date "2017.04.25"]
[Round "2"]
[White "RobertoJBM"]
[Black "Yaacovn"]
[Result "1/2-1/2"]
[WhiteElo "2452"]
[BlackElo "2606"]
[TimeControl "180+2"]
[EndTime "13:17:39 PDT"]
[Termination "Game drawn by repetition"]

1. d4 Nf6 2. Nf3 e6 3. e3 b6 4. Bd3 c5 5. Qe2 Bb7 6. Nbd2 Nc6 7. c3 cxd4 8. exd4 Nd5 9. Ne4 Qc7 10.
g3 Be7 11. Bg5 f5 12. Ned2 O-O 13.
Bxe7 Ncxe7 14. Ba6 Bc6 15. Bb5 Rae8 16. Bxc6 Qxc6 17.
Ne5 Qb7 18. O-O d6 19. Nd3 Ng6 20. f4 Nf6 21. Rae1 Re7 22. Qf3 d5 23. Ne5 Nxe5 24. Rxe5 Ne4 25. Nxe4 fxe4 26. Qg4 Qd7 27. a3 Rf5 28. Rf2 g6 29. Qe2 b5 30. g4 Rxe5 31. fxe5 Rf7 32. Rxf7 Kxf7 33. Qf2+ Kg8 34. Qf6 Qf7 35.
Qxf7+ Kxf7 36. g5 Ke7 37. b4 Kd7 38. h4 Ke8 39. Kf2 Kf7 40. Ke3 Ke7 41. Ke2 Kd7 42. Ke3 Kc6 43. Ke2 Kb6 44. Ke3 Kb7 45. Ke2 Kc6 46. Ke3 Kb6 47. Ke2 a5 48. Ke3 Ka6 49. Ke2 Kb7 50. Ke3 Ka7 51. Ke2 axb4 52. axb4 Kb6 53.
Ke3 Kc6 54. Kf4 Kd7 55. Ke3 Ke7 56. Kf4 Kd7 57. Ke3 Ke7 58. Kf4 Kd7 59. Ke3 Ke7 60.
Ke2 Kd7 61. Ke3 Ke7 62. Ke2 Kd7 63. Ke3 1/2-1/2

[Event "*** Qualifier 4: Titled Tuesday 3|2 Blitz"]
[Site "Chess.com"]
[Date "2017.04.25"]
[Round "2"]
[White "LyonBeast"]
[Black "scrapnel"]
[Result "1-0"]
[WhiteElo "2769"]
[BlackElo "2469"]
[TimeControl "180+2"]
[EndTime "13:17:46 PDT"]
[Termination "LyonBeast won by resignation"]

1. e4 c5 2. Nf3 d6 3. d4 cxd4 4.
Nxd4 Nf6 5. Nc3 a6 6. Be3 e6 7. g4 h6 8. Bg2 Nbd7 9. f4 e5 10. Nf5 Qc7 11. Qe2 g6 12. O-O-O gxf5 13. exf5 Rb8 14. g5 b5 15. gxf6 Nxf6 16. fxe5 dxe5 17. Bf4 Rg8 18. Rhe1 Nd7 19. Bxe5 Nxe5 20. Bc6+ 1-0

[Event "*** Qualifier 4: Titled Tuesday 3|2 Blitz"]
[Site "Chess.com"]
[Date "2017.04.25"]
[Round "2"]
[White "Rock700chess"]
[Black "GMMarcinDziuba"]
[Result "1-0"]
[WhiteElo "2285"]
[BlackElo "2502"]
[TimeControl "180+2"]
[EndTime "13:18:07 PDT"]
[Termination "Rock700chess won by resignation"]

1. e4 c5 2. d4 cxd4 3. c3 dxc3 4. Nxc3 Nc6 5. Nf3 e6 6. Bc4 a6 7. O-O Nge7 8. Qe2 Ng6 9. Bg5 Be7 10.
Bxe7 Qxe7 11. Rfd1 b5 12. Bb3 O-O 13. Rac1 Bb7 14.
h3 d6 15. a3 Rfd8 16. Nd4 Nce5 17. Kh2 Rac8 18. g3 Nc4 19. Bxc4 Rxc4 20. f4 Nf8 21. e5 dxe5 22. Qxe5 Ba8 23. Nf5 Qf6 24. Rxd8 exf5 25. Qxf6 gxf6 26. Rxa8 Kg7 27. Rxa6 Ne6 28. Re1 Nd4 29. Re8 1-0